 Dungeon Crawl Stone Soup version 0.30.0-3-ga4e48a9924 (webtiles) character file.

Game seed: 17048648501636710272

90 meatpath the Chopper (level 4, -2/41 HPs)
             Began as a Minotaur Berserker on May 7, 2023.
             Was a Believer of Trog.
             Slain by an orc
             ... wielding a +0 flail
              (7 damage)
             ... on level 3 of the Dungeon.
             The game lasted 00:05:21 (2033 turns).

meatpath the Chopper (Minotaur Berserker)           Turns: 2033, Time: 00:05:22

Health: -2/41      AC:  2    Str: 24    XL:     4   Next: 32%
Magic:  3/3        EV: 12    Int:  4    God:    Trog [**....]
Gold:   202        SH:  0    Dex:  9    Spells: 3/3 levels left

rFire   . . .        a - +0 hand axe
rCold   . . .        (no shield)
rNeg    . . .        b - +0 animal skin
rPois   .            (helmet restricted)
rElec   .            (no cloak)
rCorr   .            (no gloves)
SInv    .            (no boots)
Will    .....        (no amulet)
Stlth   +            (no ring)
HPRegen 0.26/turn    (no ring)
MPRegen 0.08/turn

%: no passive effects
@: on berserk cooldown, slowed, very slow
A: horns 2, retaliatory headbutt
a: Renounce Religion, Berserk, Trog's Hand


You were on level 3 of the Dungeon.
You worshipped Trog.
Trog was pleased with you.
You visited 1 branch of the dungeon, and saw 3 of its levels.

You collected 202 gold pieces.

Inventory:

Hand Weapons
 a - a +0 hand axe (weapon)
Armour
 b - a +0 animal skin (worn)
Wands
 m - a wand of roots (9)
Scrolls
 d - a scroll of noise
 h - a scroll of identify {unknown}
 j - 2 scrolls of immolation
 k - a scroll of fog {unknown}
 n - a scroll of enchant armour {unknown}
 o - a scroll of magic mapping {unknown}
Potions
 c - 3 potions of curing {unknown}
 e - a potion of ambrosia {unknown}
 f - a potion of attraction {unknown}
 g - a potion of mutation {unknown}
 i - a potion of invisibility {unknown}
 l - a potion of flight {unknown}


   Skills:
 + Level 4.6 Fighting
 + Level 4.7 Axes
 + Level 3.7 Armour
 - Level 2.1 Dodging


You had 3 spell levels left.
You didn't know any spells.
Your spell library was empty.

Dungeon Overview and Level Annotations

Branches:
Dungeon (3/15)

Altars:


Innate Abilities, Weirdness & Mutations

You have a pair of horns on your head.
You reflexively headbutt those who attack you in melee.


Message History

You feel a strong urge to attack something.
The orc misses you. You furiously retaliate!
You headbutt the orc!
You kill the orc!
Trog accepts your kill.
Things that are here:
a +0 whip; a +0 leather armour; an orc corpse You hit the orc priest.
The orc priest is moderately wounded.
The orc priest hits you with a +0 falchion.
The orc priest looks satisfied for a moment.
You slash the orc priest!
The orc priest is severely wounded.
You slash the orc!
You kill the orc!
Trog accepts your kill.
You are no longer berserk.
You are exhausted.
You feel yourself slow down.
The orc priest hits you with a +0 falchion!
The orc hits you with a +0 flail.
The orc priest hits you with a +6 short sword.
Things that are here:
a +0 short sword; a +0 leather armour You are too injured to fight recklessly!
You are too injured to fight recklessly!
You hit the orc priest.
The orc priest is almost dead.
You hit the orc priest. You barely miss the orc.
The orc priest hits you with a +6 short sword.
* * * LOW HITPOINT WARNING * * *
The orc priest hits you with a +0 falchion.
* * * LOW HITPOINT WARNING * * *
The orc hits you with a +0 flail.
* * * LOW HITPOINT WARNING * * *
You hit the orc priest.
You kill the orc priest!
Trog accepts your kill.
You hit the orc. You closely miss the orc priest.
The orc hits you with a +0 flail!
You die...

#..
......##..####.#
###
#.............#
#..###..######
#..###..#
#.......#
#.......#
#.####### #)#
#@# #.....o)o#
..#####..# <..#
.... #...##
....# ##.##


You could see an orc priest and an orc.

Vanquished Creatures
  An orc priest (D:3)
  Robin (D:2)
  2 adders (D:2)
  3 orcs (D:3)
  5 endoplasms
  A giant cockroach (D:1)
  14 goblins
  6 hobgoblins
  2 quokkas
  5 ball pythons
  2 bats
  3 frilled lizards
  6 kobolds
  2 rats
53 creatures vanquished.

Notes
Turn   | Place    | Note
-------+----------+-------------------------------------------
     0 | D:1      | meatpath the Minotaur Berserker began the quest for the
                  | Orb.
     0 | D:1      | Reached XP level 1. HP: 19/19 MP: 0/0
   211 | D:1      | Reached XP level 2. HP: 27/27 MP: 1/1
   911 | D:2      | Reached XP level 3. HP: 32/33 MP: 2/2
  1009 | D:2      | Noticed Robin
  1335 | D:2      | Killed Robin
  1346 | D:2      | Reached ** piety under Trog
  1633 | D:2      | Found a faded altar of an unknown god.
  1704 | D:2      | Reached XP level 4. HP: 41/41 MP: 3/3
  2033 | D:3      | Slain by an orc

Illustrated notes

Levels and vault maps discovered:
D:1:      scummos_arrival_gate, layout_loops_ring, chequers_arboretum,
          minmay_pentomino_z2
D:2:      layout_loops_cross, hellmonk_ecumenical_altar_blasted, uniq_robin
D:3:      layout_loops_corners, lemuel_zombie_altar_yredelemnul,
          amcnicky_altar_gilded

Skill      XL: |  1  2 |
---------------+-------+-----
Fighting       | 4 |  4.6
Axes           | 4 |  4.7
Armour         | 3 |  3.7
Dodging        | |  2.1

Action                     |  1- 3 |  4- 6 || total
---------------------------+-------+-------++-------
  Melee: Hand axe          |    70 |    22 ||    92
         Headbutt          |     9 |     1 ||    10
         Punch             |     1 |       ||     1
 Invoke: Berserk           |     2 |     1 ||     3
    Use: Scroll            |     1 |       ||     1
   Stab: Sleeping          |     2 |       ||     2
 Armour: Animal skin       |    15 |     2 ||    17
  Dodge: Dodged            |    50 |    13 ||    63
